 Dungeon Crawl Stone Soup version 0.23-a0-554-gd3cbc84 (webtiles) character file.

532 MisterFreud the Slicer (level 7, -1/41 HPs)
             Began as a Kobold Berserker on Dec 10, 2018.
             Was a Believer of Trog.
             Killed from afar by an orc wizard (8 damage)
             ... with a puff of flame
             ... on level 4 of the Dungeon.
             The game lasted 00:07:20 (3207 turns).

MisterFreud the Slicer (Kobold Berserker)           Turns: 3207, Time: 00:07:21

Health: -1/41      AC:  5    Str: 16    XL:     7   Next: 49%
Magic:  7/7        EV: 15    Int:  8    God:    Trog [**....]
Gold:   193        SH:  0    Dex: 15    Spells: 6/6 levels left

rFire    . . .     SeeInvis .   a - +1 short sword
rCold    . . .     Gourm    .   (shield restricted)
rNeg     . . .     Faith    .   b - +0 animal skin
rPois    .         Spirit   .   (no helmet)
rElec    .         Reflect  .   (no cloak)
rCorr    .         Harm     .   u - +2 pair of gloves
MR       .....                  (no boots)
Stlth    +++.......             (no amulet)
HPRegen  0.13/turn              (no ring)
MPRegen  0.10/turn              (no ring)

@: no status effects
A: small, carnivore
a: Berserk, Trog's Hand, Renounce Religion


You were on level 4 of the Dungeon.
You worshipped Trog.
Trog was pleased with you.
You were completely stuffed.

You visited 1 branch of the dungeon, and saw 4 of its levels.

You collected 193 gold pieces.

Inventory:

Hand Weapons
 a - a +1 short sword (weapon)
 e - a +4 hunting sling
Armour
 b - a +0 animal skin (worn)
 u - a +2 pair of gloves (worn)
Jewellery
 k - an uncursed ring of fire
Scrolls
 i - a scroll of fog {unknown}
 l - a scroll of enchant armour {unknown}
 m - a scroll of noise {unknown}
 n - a scroll of immolation {unknown}
 q - 4 scrolls of remove curse
 r - a scroll of teleportation {unknown}
 s - 2 scrolls of enchant weapon
 t - a scroll of blinking
Potions
 d - a potion of brilliance
 f - 2 potions of lignification
 g - a potion of curing
 h - 2 potions of flight
 j - a potion of cancellation
 o - a potion of agility {unknown}
 p - a potion of invisibility {unknown}
Comestibles
 c - 5 rations
 v - 2 chunks of flesh


   Skills:
 - Level 3.2 Fighting
 + Level 8.8 Short Blades
 - Level 1.5 Armour
 - Level 2.4 Dodging
 - Level 6.1 Stealth


You had 6 spell levels left.
You didn't know any spells.
Your spell library was empty.

Dungeon Overview and Level Annotations

Branches:
Dungeon (4/15)
 Temple: D:4-7

Altars:
Nemelex Xobeh


Innate Abilities, Weirdness & Mutations

You are small and have problems with some larger weapons.
You are carnivorous and can eat meat at any time.


Message History

You hear some strange, mumbled words.
You are confused.
You bump into the rock wall.
You hear some strange, mumbled words.
A puff of flame appears from out of thin air!
The puff of flame hits you!
* * * LOW HITPOINT WARNING * * *
You feel better.
You hear some strange, mumbled words.
A puff of flame appears from out of thin air!
The puff of flame hits you!
* * * LOW HITPOINT WARNING * * *
An orc wizard appears from thin air!
Reactivating autopickup.
The orc wizard casts a spell.
The orc wizard flickers and vanishes!
Deactivating autopickup; reactivate with Ctrl-A.
A puff of flame appears from out of thin air!
The puff of flame hits you!
You die...

# ###########.#.####### #
#...................# #
.#####.###.#>#####.# #
#.###.#[# # #.##....# ## #
#.#.....# . # #.......# .# #
#.#...[<##.# # #.##...@...# .
# #.###.#.#..# .. #
#..)รท......##.# ... #
#.###.#>#...... .... .
..#####.####...##########.....
##
#........{....####...o...[....
#.#####.##..........#######...
#.##.###.####.# #.##.# #.# #.#


There were no monsters in sight!

Vanquished Creatures
  Sigmund (D:3)
  An ogre (D:4)
  A hound (D:4)
  An orc priest (D:4)
  An orc wizard (D:3)
  3 adders
  7 gnolls
  3 oozes
  An adder skeleton (D:4)
  A worm (D:3)
  2 dart slugs
  A leopard gecko (D:3)
  7 orcs
  8 bats
  5 giant cockroaches
  4 goblins
  4 hobgoblins
  11 jackals
  3 quokkas (D:2)
  A ball python (D:2)
  A frilled lizard (D:3)
  5 kobolds
  7 rats
79 creatures vanquished.

Notes
Turn   | Place    | Note
-------+----------+-------------------------------------------
     0 | D:1      | MisterFreud the Kobold Berserker began the quest for the
                  | Orb.
     0 | D:1      | Reached XP level 1. HP: 14/14 MP: 1/1
   154 | D:1      | Reached skill level 1 in Stealth
   196 | D:1      | Reached XP level 2. HP: 14/19 MP: 2/2
   666 | D:2      | Reached XP level 3. HP: 20/23 MP: 3/3
   766 | D:2      | Reached ** piety under Trog
   836 | D:2      | Reached skill level 5 in Short Blades
  1092 | D:2      | Reached XP level 4. HP: 28/28 MP: 4/4
  1283 | D:2      | Found a sparkling altar of Nemelex Xobeh.
  1590 | D:3      | Reached XP level 5. HP: 32/32 MP: 5/5
  1598 | D:3      | Reached skill level 6 in Short Blades
  1722 | D:3      | Noticed Sigmund
  2126 | D:3      | Killed Sigmund
  2126 | D:3      | Reached skill level 7 in Short Blades
  2126 | D:3      | Reached XP level 6. HP: 37/37 MP: 6/6
  2571 | D:4      | Reached XP level 7. HP: 40/41 MP: 7/7
  2623 | D:4      | Reached skill level 8 in Short Blades
  3207 | D:4      | Killed from afar by an orc wizard

Vault maps used:
D:1:      evilmike_arrival_home_sweet_home
D:2:      nemelex_xobeh_ov_fountains_minmay
D:3:      uniq_sigmund
D:4:      kennysheep_mini_moat, first_ration, hangedman_abyss_or_decor_stabs

Skill      XL: |  1  2  3  4  5  6  7 |
---------------+----------------------+-----
Stealth        | 1 2 3 4 6 |  6.1
Short Blades   | 5 7 8 |  8.8
Fighting       | |  3.2
Armour         | |  1.5
Dodging        | |  2.4

Action                   |  1- 3 |  4- 6 |  7- 9 || total
-------------------------+-------+-------+-------++-------
Melee: Short sword       |    99 |   107 |    76 ||   282
Invok: Berserk           |     1 |     3 |     2 ||     6
       Trog's Hand       |       |     3 |       ||     3
  Use: Scroll            |     4 |     4 |       ||     8
       Potion            |       |       |     2 ||     2
 Stab: Sleeping          |     5 |     5 |       ||    10
       Distracted        |       |     1 |       ||     1
  Eat: Chunk             |     6 |    12 |     4 ||    22
Armor: Animal skin       |    24 |    20 |    21 ||    65
Dodge: Dodged            |   103 |    81 |    34 ||   218

Table legend:
 A = Non-vault XP
 B = Vault XP
 C = Vault XP percentage of total XP
 D = Non-vault monster count
 E = Vault monster count
 F = Vault count percentage of total count
                 A         B        C        D         E       F
            +---------+---------+-------+---------+---------+-------
      Total |     534 |     227 |  29.8 |      78 |       1 |   1.3
            +---------+---------+-------+---------+---------+-------
        D:1 |      19 |       0 |   0.0 |      10 |       0 |   0.0
        D:2 |      96 |       0 |   0.0 |      32 |       0 |   0.0
        D:3 |     102 |     227 |  69.0 |      20 |       1 |   4.8
        D:4 |     317 |       0 |   0.0 |      16 |       0 |   0.0
            +---------+---------+-------+---------+---------+-------
